 Dungeon Crawl Stone Soup version 0.30-a0-269-gf0224bf7b6 (webtiles) character file.

Game seed: 12635922866495680733

68 freelancePsychic the Conjurer (level 4, 0/26 HPs)
             Began as a Deep Elf Reaver on Oct 15, 2022.
             Was a Follower of Dithmenos.
             Succumbed to Sigmund's poison
             ... on level 4 of the Dungeon.
             The game lasted 00:07:54 (3343 turns).

freelancePsychic the Conjurer (Deep Elf Reaver)     Turns: 3343, Time: 00:07:54

Health: 0/26       AC:  5    Str:  9    XL:     4   Next: 1%
Magic:  8/10       EV: 12    Int: 20    God:    Dithmenos [*.....]
Gold:   208        SH:  0    Dex: 13    Spells: 3/9 levels left

rFire   . . .      SeeInvis .    j - +0 dagger
rCold   . . .      Faith    .    (no shield)
rNeg    . . .      Spirit   .    b - +0 leather armour
rPois   .          Reflect  .    i - +0 helmet
rElec   .          Harm     .    (no cloak)
rCorr   .          Rampage  .    (no gloves)
Will    .....                    l - +0 pair of boots
Stlth   ++........               (no amulet)
HPRegen 0.24/turn                (no ring)
MPRegen 0.12/turn                (no ring)

@: brilliant, lethally poisoned (0 -> -13), wreathed by umbra
A: no striking features
a: Renounce Religion


You were on level 4 of the Dungeon.
You worshipped Dithmenos.
Dithmenos was aware of your devotion.
You visited 1 branch of the dungeon, and saw 4 of its levels.

You collected 208 gold pieces.

Inventory:

Hand Weapons
 a - a +0 short sword
 j - a +0 dagger (weapon)
Missiles
 k - a throwing net
Armour
 b - a +0 leather armour (worn)
 i - a +0 helmet (worn)
 l - a +0 pair of boots (worn)
Scrolls
 d - a scroll of blinking
 m - a scroll of enchant armour
 n - 2 scrolls of teleportation {@r4}
Potions
 c - a potion of flight
 e - a potion of might {unknown}
 h - a potion of attraction {unknown}
 o - a potion of magic {unknown}


   Skills:
 + Level 1.8 Fighting
 - Level 3.0 Short Blades
 - Level 2.4 Dodging
 - Level 2.3 Stealth
 - Level 3.0 Spellcasting
 + Level 4.2 Conjurations
 - Level 1.3 Translocations
 + Level 1.1 Ice Magic


You had 3 spell levels left.
You knew the following spells:

 Your Spells              Type           Power      Damage    Failure   Level
a - Kiss of Death         Conj/Necr      68%        2d10      9%          1
b - Momentum Strike       Conj/Tloc      42%        3d9       10%         2
c - Hailstorm             Conj/Ice       20%        3d6       21%         3

Your spell library contained the following spells:

 Spells                   Type           Power      Damage    Failure   Level
 Sublimation of Blood     Necr           4%         N/A       30%         2
 Wereblood                Tmut           4%         N/A       30%         2
 Passage of Golubria      Tloc           12%        N/A       75%         4
 Silence                  Hex/Air        2%         N/A       99%         5
 Summon Hydra             Summ           2%         N/A       100%        7
 Lehudib's Crystal Spear  Conj/Erth      8%         10d4      100%        8


Dungeon Overview and Level Annotations

Branches:
Dungeon (4/15)             Temple (0/1) D:4

Altars:
Dithmenos

Annotations:
D:4 Blork the orc, Sigmund


Message History

The spell is extremely dangerous to miscast (22% risk of failure)!
Continue anyway?
Casting: Hailstorm (extremely dangerous; 22% risk of failure)
Press: ? - help, Dir - look around, f - activate You feel a surge of power!
You miscast Hailstorm.
You are very lightly contaminated with residual magic.
Nothing appears to happen.
You feel sick. Something hits you.
You are lethally poisoned!
Casting: Hailstorm (extremely dangerous; 22% risk of failure)
Confirm with . or Enter, or press ? or * to list all spells.
The spell is extremely dangerous to miscast (22% risk of failure)!
Continue anyway?
Casting: Hailstorm (extremely dangerous; 22% risk of failure)
Press: ? - help, Dir - look around, f - activate You feel a surge of power!
A cannonade of hail descends around you!
The hail pelts something.
The hail pelts the hobgoblin!
You kill the hobgoblin!
Dithmenos accepts your kill.
You feel very sick. Something hits you!
* * * LOW HITPOINT WARNING * * *
You are more poisoned.
You have reached level 4!
You feel clever.
Casting: Hailstorm (quite dangerous; 21% risk of failure)
Confirm with . or Enter, or press ? or * to list all spells.
Aiming: Kiss of Death (safe; 9% risk of failure)
Press: ? - help, Shift-Dir - straight line, f - you
Okay, then.
It was a potion of curing.
You feel better.
A puff of flame appears from out of thin air!
The puff of flame hits you.
* * * LOW HITPOINT WARNING * * *
Your magical contamination has completely faded away.
Something tries to affect you, but you resist.
You hear a shout!
Something hits you. Something hits you.
* * * LOW HITPOINT WARNING * * *
You are lethally poisoned!
You die...

#.#### ### #.#..# . #.#
#.#..# .####
#.########.#..# ....
#.............# #P.
#.########.##.#
##.##........#...o#
###P#...#P##.###.######
......>@.............
###P#...#P#......###
##.####......#
#P.P.........#
##...###.....### ###
### #####...##...
#.#..#.# #.##...#
#.###..#.


There were no monsters in sight!

Vanquished Creatures
  A howler monkey (D:3)
  A worm (D:2)
  2 orcs (D:2)
  3 endoplasms
  2 giant cockroaches
  7 goblins
  4 hobgoblins
  4 jackals (D:3)
  A kobold (D:1)
  A quokka (D:1)
  4 ball pythons
  3 frilled lizards (D:1)
  6 rats
39 creatures vanquished.

Vanquished Creatures (others)
  A jelly (D:4)
  An orc wizard (D:3)
  2 adders
  A worm (D:3)
  A dart slug (D:2)
  A giant cockroach (D:1)
  9 goblins
  A hobgoblin (D:2)
  2 kobolds
  2 quokkas
  4 ball pythons
  A bat (D:3)
  3 rats
29 creatures vanquished.

Grand Total: 68 creatures vanquished

Notes
Turn   | Place    | Note
-------+----------+-------------------------------------------
     0 | D:1      | freelancePsychic the Deep Elf Reaver began the quest for
                  | the Orb.
     0 | D:1      | Reached XP level 1. HP: 12/12 MP: 6/6
   138 | D:1      | Reached skill level 1 in Stealth
   198 | D:1      | Reached XP level 2. HP: 16/16 MP: 8/8
   201 | D:1      | Learned a level 2 spell: Momentum Strike
   235 | D:1      | Reached skill level 1 in Translocations
   971 | D:2      | Found a faded altar of an unknown god.
   974 | D:2      | Prayed at the altar of an unknown god.
   974 | D:2      | Became a worshipper of Dithmenos the Shadowed
   974 | D:2      | Reached * piety under Dithmenos
  2280 | D:3      | Reached XP level 3. HP: 19/20 MP: 6/9
  2824 | D:3      | Reached skill level 4 in Conjurations
  2834 | D:3      | Learned a level 3 spell: Hailstorm
  2850 | D:3      | Reached skill level 1 in Ice Magic
  3274 | D:4      | Found a staircase to the Ecumenical Temple.
  3294 | D:4      | Noticed Blork the orc
  3307 | D:4      | Noticed Sigmund
  3320 | D:4      | HP: 1/21 [something (9)]
  3321 | D:4      | Reached XP level 4. HP: 1/26 MP: 5/10
  3343 | D:4      | Succumbed to Sigmund's poison

Illustrated notes

Levels and vault maps discovered:
D:1:      wander_arrival_desolate, layout_loops_cross
D:2:      layout_basic, hellmonk_ecumenical_altar_inner_sanctum
D:3:      layout_basic, grunt_decor_mini_mirrors, minmay_misc_feat_five,
          minmay_goblin_outpost
D:4:      layout_basic, minmay_temple_entry_gardened_gates,
          minmay_misc_feat_more_columns, uniq_blork_the_orc, uniq_sigmund

Skill      XL: |  1  2  3 |
---------------+----------+-----
Stealth        | 1 2 |  2.3
Translocations | 1 |  1.3
Conjurations   | 4 |  4.2
Ice Magic      | 1 |  1.1
Fighting       | |  1.8
Short Blades   | |  3.0
Dodging        | |  2.4
Spellcasting   | |  3.0

Action                   |  1- 3 |  4- 6 || total
-------------------------+-------+-------++-------
Melee: Short sword       |    46 |       ||    46
       Dagger            |   138 |       ||   138
       Punch             |     2 |       ||     2
 Cast: Momentum Strike   |    43 |       ||    43
       Kiss of Death     |     1 |       ||     1
       Hailstorm         |     1 |       ||     1
  Use: Scroll            |     7 |       ||     7
       Potion            |     2 |     1 ||     3
 Stab: Sleeping          |     1 |       ||     1
Armor: Leather armour    |    64 |       ||    64
Dodge: Dodged            |   144 |       ||   144

Table legend: (Time is in decaauts)
 A = Elapsed time spent in this place.
 B = Non-inter-level travel time spent in this place.
 C = Inter-level travel time spent in this place.
 D = Time resting spent in this place.
 E = Time spent auto-exploring this place.
 F = Levels seen in this place.
 G = Mean time per level.
                   A        B        C        D        E       F      G
               +--------+--------+--------+--------+--------+-----+--------+
         Total |   3320 |   3170 |    150 |    107 |   2387 |   4 |  830.0 |
       Dungeon |   3320 |   3170 |    150 |    107 |   2387 |   4 |  830.0 |
               +--------+--------+--------+--------+--------+-----+--------+

Top non-repeatable levels by time:
     D:2: 1381 daAuts
     D:3: 839 daAuts
     D:1: 839 daAuts
     D:4: 261 daAuts
